[ AOE2 MATCH · #506147114 ]
UnrankedPersians vs Incas
Player's team · LOSS
Rival team · WIN
[ REPLAY ANALYSIS · EXTRACTED FROM THE RECORDED GAME ]
Feudal
11:01
Castle
—
Imperial
—
| APM avg | 65.2 |
| APM peak | 95 |
| eAPM avg | 24.7 |
| Villagers / military | 30 / 2 |
Focus
⚔️ 25.5% · 🌾 74.5%
Militia ×2
Feudal
8:51
Castle
—
Imperial
—
| APM avg | 67.5 |
| APM peak | 105 |
| eAPM avg | 32.1 |
| Villagers / military | 40 / 0 |
Focus
⚔️ 36.3% · 🌾 63.7%
Unknown (2550) ×7
Match map
Initial resources + every placement click. Lines = walls · curves = elevation contours. ◆ gold · ⬟ stone · ● berries · ✦ relic · ◌ wall gap
Your base· Open — unwalled flank
Oni.Lewis's base· Open — unwalled flank
Smoothed initial terrain · ◌ = detected wall gap · hover for details
Inputs per minute
— CNZS_Donghaidi - - Oni.Lewis
Build order — CNZS_Donghaidi
60 actions detected in the replay
| 0:01 | Create | Villager (Male) |
| 0:01 | Create | Villager (Male) |
| 0:01 | Create | Villager (Male) |
| 0:02 | Create | Villager (Male) |
| 0:02 | Build | House |
| 0:03 | Build | House |
| 0:10 | Create | Villager (Male) |
| 0:10 | Create | Villager (Male) |
| 1:24 | Create | Villager (Male) |
| 1:24 | Create | Villager (Male) |
| 1:56 | Create | Villager (Male) |
| 1:56 | Create | Villager (Male) |
| 1:56 | Create | Villager (Male) |
| 2:15 | Create | Villager (Male) |
| 2:29 | Build | Barracks |
| 2:36 | Create | Villager (Male) |
| 3:08 | Create | Villager (Male) |
| 3:25 | Build | House |
| 3:26 | Create | Militia |
| 3:29 | Research | Loom |
| 3:50 | Create | Militia |
| 3:56 | Build | House |
| 3:58 | Create | Villager (Male) |
| 4:29 | Create | Villager (Male) |
| 4:52 | Create | Villager (Male) |
| 5:06 | Create | Villager (Male) |
| 5:30 | Create | Villager (Male) |
| 5:34 | Build | Lumber Camp |
| 5:42 | Create | Villager (Male) |
| 5:55 | Create | Villager (Male) |
| 6:19 | Build | House |
| 6:38 | Research | Loom |
| 6:44 | Create | Villager (Male) |
| 7:31 | Create | Villager (Male) |
| 7:44 | Build | Mill |
| 8:00 | Create | Villager (Male) |
| 8:12 | Build | Mill |
| 8:28 | Create | Villager (Male) |
| 8:38 | Build | House |
| 8:51 | Build | Farm |
| 8:57 | Research | Feudal Age |
| 8:57 | Research | Feudal Age |
| 9:14 | Build | House |
| 9:24 | Build | Farm |
| 9:29 | Build | Farm |
| 9:46 | Build | Farm |
| 10:13 | Create | Villager (Male) |
| 10:15 | Build | House |
| 10:26 | Build | Palisade Wall |
| 11:01 | Age | Feudal Age |
| 11:04 | Build | Archery Range |
| 11:07 | Build | Palisade Wall |
| 11:11 | Create | Villager (Male) |
| 11:39 | Create | Villager (Male) |
| 12:01 | Build | Palisade Gate |
| 12:02 | Build | House |
| 12:09 | Build | House |
| 12:10 | Create | Villager (Male) |
| 12:13 | Create | Villager (Male) |
| 12:31 | Build | Farm |
Build order — Oni.Lewis
64 actions detected in the replay
| 0:00 | Create | Villager (Male) |
| 0:00 | Create | Villager (Male) |
| 0:02 | Build | House |
| 0:19 | Create | Villager (Male) |
| 0:31 | Create | Villager (Male) |
| 1:14 | Create | Villager (Male) |
| 1:32 | Build | Settlement |
| 1:37 | Create | Villager (Male) |
| 2:25 | Create | Villager (Male) |
| 2:54 | Create | Villager (Male) |
| 3:08 | Create | Villager (Male) |
| 3:14 | Create | Villager (Male) |
| 3:38 | Create | Villager (Male) |
| 3:51 | Create | Villager (Male) |
| 4:00 | Create | Villager (Male) |
| 4:08 | Create | Villager (Male) |
| 4:09 | Research | Loom |
| 4:28 | Build | House |
| 4:33 | Create | Villager (Male) |
| 5:06 | Create | Villager (Male) |
| 5:13 | Create | Villager (Male) |
| 5:48 | Create | Villager (Male) |
| 6:01 | Build | Barracks |
| 6:41 | Research | Feudal Age |
| 7:01 | Create | Unit 2550 |
| 7:17 | Create | Unit 2550 |
| 7:19 | Build | Settlement |
| 7:24 | Create | Villager (Male) |
| 7:52 | Create | Unit 2550 |
| 8:08 | Create | Villager (Male) |
| 8:15 | Create | Villager (Male) |
| 8:35 | Create | Villager (Male) |
| 8:42 | Create | Villager (Male) |
| 8:47 | Create | Villager (Male) |
| 8:51 | Age | Feudal Age |
| 8:52 | Create | Unit 2550 |
| 8:53 | Build | Outpost |
| 8:58 | Create | Villager (Male) |
| 9:03 | Create | Villager (Male) |
| 9:16 | Create | Villager (Male) |
| 9:21 | Build | Farm |
| 9:30 | Create | Villager (Male) |
| 9:42 | Create | Villager (Male) |
| 9:45 | Build | Blacksmith |
| 9:50 | Create | Unit 2550 |
| 9:52 | Create | Villager (Male) |
| 9:58 | Create | Villager (Male) |
| 10:21 | Create | Villager (Male) |
| 10:24 | Research | Double-Bit Axe |
| 10:27 | Research | Tech 1402 |
| 10:27 | Research | Tech 1402 |
| 10:37 | Create | Villager (Male) |
| 10:49 | Build | Watch Tower |
| 10:51 | Create | Villager (Male) |
| 10:54 | Create | Villager (Male) |
| 11:02 | Research | Scale Mail Armor |
| 11:05 | Create | Villager (Male) |
| 11:30 | Create | Villager (Male) |
| 11:36 | Create | Villager (Male) |
| 11:38 | Build | House |
| 11:58 | Create | Unit 2550 |
| 12:16 | Create | Villager (Male) |
| 12:21 | Create | Unit 2550 |
| 12:26 | Create | Villager (Male) |
Match timeline
| 2:29 | CNZS_Donghaidi · first_building Barracks |
| 6:01 | Oni.Lewis · first_building Barracks |
| 8:51 | Oni.Lewis · age_up feudal |
| 10:26 | CNZS_Donghaidi · wall_segment Palisade Wall x1 |
| 11:01 | CNZS_Donghaidi · age_up feudal |
| 11:04 | CNZS_Donghaidi · first_building Archery Range |
| 11:07 | CNZS_Donghaidi · wall_segment Palisade Wall x1 |
| 12:43 | CNZS_Donghaidi · resign |
[ AI ANALYSIS · 1 CREDIT ]
What really happened in this match?
Wolo.gg analyzes every decision: build order, eco, micro, common mistakes by bracket. Personalized analysis on WhatsApp or Discord in 30 seconds.
Civ guide
Persians
Perfil
Jugador #15097184